 Dungeon Crawl Stone Soup version 0.28-a0-1002-gf00fe891ef (webtiles) character file.

Game seed: 1225279539896853967

86 ytrimaz the Changer (level 4, 0/28 HPs)
             Began as an Octopode Transmuter on Dec 6, 2021.
             Was a Follower of Nemelex Xobeh.
             Succumbed to a kobold's poison
             ... on level 2 of the Dungeon.
             The game lasted 00:02:34 (3000 turns).

ytrimaz the Changer (Octopode Transmuter)           Turns: 3000, Time: 00:02:35

Health: 0/28       AC:  2    Str:  8 (9)  XL:     4   Next: 50%
Magic:  4/7        EV: 19    Int: 17      God:    Nemelex Xobeh [*.....]
Gold:   61         SH:  0    Dex: 17      Spells: 4/8 levels left

rFire   . . .      SeeInvis +     - Unarmed
rCold   . . .      Faith    .   (shield currently unavailable)
rNeg    . . .      Spirit   .   (helmet currently unavailable)
rPois   x          Reflect  .   (no amulet)
rElec   .          Harm     .   e - ring of see invisible
rCorr   .          Rampage  .   (no ring)
Will    .....                   (no ring)
Stlth   ++........              (no ring)
HPRegen 0.09/turn               (no ring)
MPRegen 0.10/turn               (no ring)
                                (no ring)
                                (no ring)

@: lethally poisoned (0 -> -16), spider-form
A: venomous fangs, almost no armour, (amphibious), 8 rings, tiny, (camouflage
1), (gelatinous body 1), (nimble swimmer 1), (tentacles), deterioration 1, low
mp 1, MP-powered wands
a: End Transformation, Renounce Religion, Draw Escape, Draw Destruction, Draw
Summoning


You were on level 2 of the Dungeon.
You worshipped Nemelex Xobeh.
Nemelex Xobeh was aware of your devotion.
You were a venomous arachnid creature.
You visited 1 branch of the dungeon, and saw 2 of its levels.

You collected 89 gold pieces.
You spent 28 gold pieces at shops.

Inventory:

Jewellery
 e - a ring of see invisible (left front leg)
Potions
 b - a potion of haste


   Skills:
 - Level 1.0 Fighting
 - Level 2.0 Dodging
 - Level 3.0 Unarmed Combat
 - Level 2.5 Spellcasting
 + Level 4.2 Transmutations
 * Level 0.1 Poison Magic


You had 4 spell levels left.
You knew the following spells:

 Your Spells              Type           Power      Damage    Failure   Level
a - Beastly Appendage     Tmut           32%        N/A       11%         1
b - Spider Form           Tmut/Pois      9%         N/A       43%         3

Your spell library contained the following spells:

 Spells                   Type           Power      Damage    Failure   Level
 Wereblood                Tmut           16%        N/A       14%         2
 Pain                     Necr           8%         1d4       38%         1
 Ice Form                 Ice/Tmut       9%         N/A       78%         4
 Agony                    Necr           2%         N/A       100%        5
 Excruciating Wounds      Necr           1%         N/A       100%        5


Dungeon Overview and Level Annotations

Branches:
Dungeon (2/15)

Altars:
Nemelex Xobeh

Shops:
D:1 *   D:2 [


Innate Abilities, Weirdness & Mutations

You are a venomous arachnid creature.
You have poisonous fangs.
You are tiny and dextrous.
Your spellcasting is less reliable in this form.
Your armour is entirely melded.
You are incapable of wielding weapons or throwing items.
You cannot wear most types of armour.
((You are amphibious.))
You can wear up to eight rings at the same time.
((Your skin changes colour to match your surroundings (Stealth+).))
((Your rubbery body absorbs attacks. (AC +1, EV +1)))
((You are camouflaged near water. (Stealth+)))
((You have tentacles for arms and can constrict up to eight enemies at once.))
Your body sometimes deteriorates upon taking damage.
Your magical capacity is low. (-10% MP)
You expend magic power (3 MP) to strengthen your wands.


Message History

A kobold comes into view.
It is wielding a +1 short sword of venom.
A kobold is nearby!
A kobold is nearby!
The kobold shouts!
You hear a shout! x3
The kobold throws a stone.
The stone closely misses you.
A goblin comes into view. It is wielding a +0 dagger.
The goblin shouts!
The kobold throws a stone.
The stone hits you.
A goblin comes into view. It is wielding a +0 club.
Found 57 stones.
The kobold hits you with a +1 short sword of venom.
You are poisoned.
The goblin hits you with a +0 club.
You feel sick.
A goblin comes into view. It is wielding a +0 club.
You feel sick.
You feel sick.
You feel sick.
A dart slug comes into view.
The kobold throws a stone.
The stone misses you.
Casting: Spider Form (quite dangerous; 22% risk of failure)
Confirm with . or Enter, or press ? or * to list all spells.
The spell is quite dangerous to miscast (22% risk of failure)!
Continue anyway?
You turn into a venomous arachnid creature.
You feel sick.
Unknown command.
You hit the kobold.
The kobold is moderately wounded.
You feel sick.
The kobold hits you with a +1 short sword of venom.
* * * LOW HITPOINT WARNING * * *
You are lethally poisoned!
You hit the kobold.
The kobold is poisoned.
The kobold is severely wounded.
* * * LOW HITPOINT WARNING * * *
You feel very sick. The kobold completely misses you.
The goblin closely misses you.
Unknown command.
You die...
Your body glows slightly and disappears.

#..# ##.# #.#
#.# #.## #..#
##.## #..# ##s#
#.## #Kg# ###g#
#..w# #.#.#
...............
...g######'####
.##. .#


You could see a dart slug, 2 goblins and a kobold (very poisoned).

Vanquished Creatures
  4 adders (D:2)
  A worm (D:2)
  A dart slug (D:2)
  5 endoplasms
  A giant cockroach (D:1)
  8 goblins
  5 hobgoblins
  6 kobolds
  A quokka (D:2)
  4 ball pythons
  3 bats
  2 frilled lizards (D:1)
  5 rats
46 creatures vanquished.

Notes
Turn   | Place    | Note
-------+----------+-------------------------------------------
     0 | D:1      | ytrimaz the Octopode Transmuter began the quest for the
                  | Orb.
     0 | D:1      | Reached XP level 1. HP: 13/13 MP: 3/3
   554 | D:1      | Reached XP level 2. HP: 18/18 MP: 3/5
  1020 | D:1      | Found a faded altar of an unknown god.
  1042 | D:1      | Prayed at the altar of an unknown god.
  1042 | D:1      | Became a worshipper of Nemelex Xobeh the Trickster
  1042 | D:1      | Reached * piety under Nemelex Xobeh
  1042 | D:1      | Received a gift from Nemelex Xobeh
  1157 | D:1      | Reached XP level 3. HP: 20/23 MP: 6/6
  1245 | D:1      | Reached skill level 3 in Transmutations
  1321 | D:1      | Gained mutation: Your magical capacity is low. (-10% MP)
                  | [potion of mutation]
  1321 | D:1      | Gained mutation: Your body sometimes deteriorates upon
                  | taking damage. [potion of mutation]
  1321 | D:1      | Gained mutation: You expend magic power (3 MP) to
                  | strengthen your wands. [potion of mutation]
  1685 | D:1      | Found Qinenunua's General Store.
  1689 | D:1      | Bought a scroll of identify for 28 gold pieces
  2000 | D:2      | Found Novit's Armour Emporium.
  2229 | D:2      | Reached XP level 4. HP: 20/28 MP: 7/7
  2484 | D:2      | Reached skill level 4 in Transmutations
  2683 | D:2      | Learned a level 3 spell: Spider Form
  3000 | D:2      | Succumbed to a kobold's poison

Illustrated notes

Levels and vault maps discovered:
D:1:      evilmike_arrival_fibonacci_small, layout_loops_corners, serial_shops,
          shop_fountains, nicolae_ecumenical_snake_handling,
          minmay_misc_feat_tiny, hex_large
D:2:      minmay_thinvault, layout_rooms, serial_shops,
          nicolae_shop_behind_doors, st_stairs_14

Skill      XL: |  1  2  3  4 |
---------------+-------------+-----
Transmutations | 3 4 |  4.2
Fighting       | |  1.0
Dodging        | |  2.0
Unarmed Combat | |  3.0
Spellcasting   | |  2.5
Poison Magic   | |  0.1

Action                   |  1- 3 |  4- 6 || total
-------------------------+-------+-------++-------
Melee: Unarmed           |    81 |    25 ||   106
       Constrict         |    17 |     4 ||    21
       Kick              |    11 |     5 ||    16
       Tentacles         |    14 |     3 ||    17
       Punch             |     2 |     1 ||     3
 Cast: Beastly Appendage |    14 |     4 ||    18
       Spider Form       |       |     3 ||     3
  Use: Potion            |     4 |       ||     4
       Scroll            |       |     2 ||     2
 Stab: Sleeping          |     4 |       ||     4
Armor: Skin              |     7 |       ||     7
Dodge: Dodged            |    46 |    20 ||    66

Table legend: (Time is in decaauts)
 A = Elapsed time spent in this place.
 B = Non-inter-level travel time spent in this place.
 C = Inter-level travel time spent in this place.
 D = Time resting spent in this place.
 E = Time spent auto-exploring this place.
 F = Levels seen in this place.
 G = Mean time per level.
                   A        B        C        D        E       F      G
               +--------+--------+--------+--------+--------+-----+--------+
         Total |   2994 |   2971 |     23 |    148 |   2501 |   2 | 1497.0 |
       Dungeon |   2994 |   2971 |     23 |    148 |   2501 |   2 | 1497.0 |
               +--------+--------+--------+--------+--------+-----+--------+

Top non-repeatable levels by time:
     D:1: 1711 daAuts
     D:2: 1283 daAuts
